 Dungeon Crawl Stone Soup version 0.30.1-4-g462c640d31 (webtiles) character file.

Game seed: 6186695950171936032

84 LowPressure the Chopper (level 4, -1/41 HPs)
             Began as a Minotaur Berserker on Aug 18, 2023.
             Was a Believer of Trog.
             Slain by a gnoll
             ... wielding a +0 flail
              (13 damage)
             ... on level 2 of the Dungeon.
             The game lasted 00:05:15 (1240 turns).

LowPressure the Chopper (Minotaur Berserker)        Turns: 1240, Time: 00:05:16

Health: -1/41      AC:  2    Str: 23    XL:     4   Next: 24%
Magic:  3/3        EV: 12    Int:  4    God:    Trog [**....]
Gold:   126        SH:  0    Dex: 10    Spells: 3/3 levels left

rFire   . . .        a - +0 hand axe
rCold   . . .        (no shield)
rNeg    . . .        b - +0 animal skin
rPois   .            (helmet restricted)
rElec   .            (no cloak)
rCorr   .            (no gloves)
SInv    .            (no boots)
Will    ++...        (no amulet)
Stlth   +            (no ring)
HPRegen 1.26/turn    (no ring)
MPRegen 0.08/turn

%: no passive effects
@: strong-willed, on berserk cooldown, regenerating, slowed, very slow
A: horns 2, retaliatory headbutt
a: Renounce Religion, Berserk, Trog's Hand


You were on level 2 of the Dungeon.
You worshipped Trog.
Trog was pleased with you.
You visited 1 branch of the dungeon, and saw 2 of its levels.

You collected 126 gold pieces.

Inventory:

Hand Weapons
 a - a +0 hand axe (weapon)
Armour
 b - a +0 animal skin (worn)
Jewellery
 j - a ring of see invisible
Scrolls
 d - a scroll of identify {unknown}
 f - 2 scrolls of teleportation {unknown}
 h - 2 scrolls of fog {unknown}
 l - a scroll of fear {unknown}
Potions
 c - a potion of flight {unknown}
 e - a potion of might {unknown}
 g - 2 potions of heal wounds {unknown}
 i - 2 potions of curing {unknown}
 k - a potion of haste {unknown}


   Skills:
 + Level 4.6 Fighting
 + Level 4.8 Axes
 + Level 2.8 Armour
 + Level 2.7 Dodging
 + Level 0.3 Stealth


You had 3 spell levels left.
You didn't know any spells.
Your spell library was empty.

Dungeon Overview and Level Annotations

Branches:
Dungeon (2/15)

Altars:

Shops:
D:2 (?(


Innate Abilities, Weirdness & Mutations

You have a pair of horns on your head.
You reflexively headbutt those who attack you in melee.


Message History

You are no longer berserk.
You are exhausted.
You feel yourself slow down.
The gnoll shouts!
The ball python closely misses you. You furiously retaliate!
You headbutt the ball python!
You kill the ball python!
Trog accepts your kill.
Found a silver wand and a ring mail.
A gnoll comes into view. It is wielding a +0 spear.
You see here a ball python corpse.
The gnoll shouts!
A gnoll comes into view. It is wielding a +0 flail.
The gnoll barely misses you.
You see here a ball python corpse.
A bat comes into view.
The gnoll hits you from afar with a +0 spear.
You see here a rat corpse.
The bat barely misses you.
The gnoll throws a throwing net.
The throwing net hits you.
You become entangled in the net!
You see here a throwing net.
You struggle against the net.
The bat hits you but does no damage. The bat hits you.
The gnoll hits you from afar with a +0 spear.
Your skin crawls.
You feel strong-willed.
The gnoll hits you from afar with a +0 spear.
The bat barely misses you.
You struggle against the net.
The bat completely misses you. The gnoll barely misses you.
The gnoll hits you from afar with a +0 spear.
You struggle against the net.
The bat hits you but does no damage. The gnoll hits you with a +0 flail.
The gnoll completely misses you. The gnoll hits you with a +0 flail.
You shred the net and break free! The bat hits you but does no damage.
The bat barely misses you.
The gnoll hits you from afar with a +0 spear.
* * * LOW HITPOINT WARNING * * *
The gnoll hits you with a +0 flail!
You die...

... #.≈....#.....#.#..
..P######+##....#..#.#.###
♣....$...##..).#..#.....#
♣.......# #....##.###.#.#
♣......# #....##........
♣P.....# #.....#.###.#.#
♣..(.g# ###'#.))#.....#
~♣..†gg#####.###.#.#.###
♣.....b@.....# #...#.#..
P.P..P###.#########.###.###
#P...... #.......##.........
...PP..#.##....##)...########
##..[P/........##.####
###.[#####.#..<#.# ##.
#.#...#.# #.#...#.# #..>#..


You could see 3 gnolls and a bat.

Vanquished Creatures
  A gnoll (D:2)
  An adder (D:2)
  2 endoplasms (D:1)
  2 giant cockroaches (D:1)
  7 goblins
  2 hobgoblins (D:1)
  14 jackals
  2 quokkas (D:1)
  4 ball pythons
  9 bats
  5 frilled lizards
  3 kobolds (D:1)
  8 rats
60 creatures vanquished.

Notes
Turn   | Place    | Note
-------+----------+-------------------------------------------
     0 | D:1      | LowPressure the Minotaur Berserker began the quest for the
                  | Orb.
     0 | D:1      | Reached XP level 1. HP: 19/19 MP: 0/0
    84 | D:1      | Reached XP level 2. HP: 27/27 MP: 1/1
   376 | D:1      | Reached XP level 3. HP: 29/33 MP: 2/2
   410 | D:1      | Reached ** piety under Trog
   463 | D:1      | Found a faded altar of an unknown god.
   843 | D:2      | Found Kucheab's Antique Weapon Shop.
   950 | D:2      | Found Aty Qen's Magic Scroll Shop.
   961 | D:2      | Reached XP level 4. HP: 35/41 MP: 3/3
  1048 | D:2      | Found Gobailoz's Antique Weapon Shoppe.
  1240 | D:2      | Slain by a gnoll

Illustrated notes

Levels and vault maps discovered:
D:1:      lightli_molten_gateway, layout_loops_ring,
          ebering_ecumenical_altar_mist, minmay_split_cup_small
D:2:      layout_basic, serial_shops, nicolae_shop_rolling_square,
          nicolae_shop_hallway_plus, shop, serial_bayou, serial_bayou_pond_a,
          serial_bayou_crossing, serial_bayou_pond_c, serial_bayou_shore_b,
          chequers_serial_rivers_micro_c, supply_closet_lemuel,
          minmay_misc_feat_roman

Skill      XL: |  1  2 |
---------------+-------+-----
Axes           | 4 |  4.8
Fighting       | 4 |  4.6
Armour         | |  2.8
Dodging        | |  2.7
Stealth        | |  0.3

Action                     |  1- 3 |  4- 6 || total
---------------------------+-------+-------++-------
  Melee: Hand axe          |   111 |     7 ||   118
         Headbutt          |    10 |       ||    10
         Punch             |     1 |       ||     1
 Invoke: Berserk           |     2 |     1 ||     3
         Trog's Hand       |       |     1 ||     1
   Stab: Sleeping          |       |     1 ||     1
 Armour: Animal skin       |    29 |     4 ||    33
  Dodge: Dodged            |    91 |    15 ||   106
